Santa Cruz Tiger Sharks vs Cape Breton Oilers
Created - Thursday, February 1, 2024 at 08:14
Goals
|
| Santa Cruz Tiger Sharks |
1 |
0 |
2 |
3 |
| Cape Breton Oilers |
0 |
3 |
2 |
5 |
|
Shots
|
| Santa Cruz Tiger Sharks |
11 |
13 |
9 |
33 |
| Cape Breton Oilers |
5 |
10 |
13 |
28 |
|
1st period
1. Santa Cruz Tiger Sharks , Samuel Fagemo 1 (Brandon Biro 1, Mikhail Maltsev 1) at 14:47
Penalties :
Dylan McIlrath (CBO) for Fighting (Major) at 0:39, Tobias Bjornfot (SCS) for Fighting (Major) at 0:39, Parker Kelly (CBO) for Holding (Minor) at 4:30, Vladislav Kolyachonok (CBO) for Tripping (Minor) at 12:31, Nicolas Aube-Kubel (SCS) for Roughing (Minor) at 15:24
2nd period
2. Cape Breton Oilers , Sam Carrick 1 (Leon Gawanke 1) at 0:51
3. Cape Breton Oilers , Carl Grundstrom 1 (Luke Evangelista 1, Noel Acciari 1) at 1:19 (PP)
4. Cape Breton Oilers , Parker Kelly 1 (Jonah Gadjovich 1, Leon Gawanke 2) at 10:06
Penalties :
Haydn Fleury (SCS) for Roughing (Minor) at 1:13, Hudson Fasching (CBO) for Interference (Minor) at 1:39, Dylan McIlrath (CBO) for Holding (Minor) at 7:11, Noel Acciari (CBO) for Holding (Minor) at 7:20, Brandon Biro (SCS) for Holding (Minor) at 12:39
3rd period
5. Santa Cruz Tiger Sharks , Nicolas Aube-Kubel 1 (Jesper Boqvist 1) at 4:29
6. Santa Cruz Tiger Sharks , Zachary Sanford 1 (Jesper Boqvist 2, Nicolas Aube-Kubel 1) at 8:51 (PP)
7. Cape Breton Oilers , Noel Acciari 1 (Luke Evangelista 2) at 8:57
8. Cape Breton Oilers , Alexey Toropchenko 1 (Brett Seney 1, Philip Broberg 1) at 9:11
Penalties :
Noel Acciari (CBO) for Hooking (Minor) at 8:35, Riley Tufte (SCS) for Hooking (Minor) at 12:43
Goalie Stats
Collin Delia (SCS), 23 saves from 28 shots - (0.821), L, 0-1-0, 60:00 minutes
Jack Campbell (CBO), 30 saves from 33 shots - (0.909), W, 1-0-0, 60:00 minutes
Players Stats for Santa Cruz Tiger Sharks
Player Name G A P +/- PIM S H SB GA TA FO MP PP MP PK MP
------------------------------------------------------------------------------------
Adam Wilsby 0 0 0 -1 0 0 1 0 0 0 0/0 12:11 0:00 0:00
Brandon Biro 0 1 1 0 2 3 1 0 0 0 0/0 11:34 0:09 0:03
Cody Glass 0 0 0 0 0 3 2 1 0 0 10/19 20:32 4:02 2:53
Haydn Fleury 0 0 0 -1 2 3 3 1 0 0 0/0 25:38 4:01 2:49
Jesper Boqvist 0 2 2 -1 0 3 1 0 1 0 12/28 16:53 4:10 0:00
Kailer Yamamoto 0 0 0 0 0 0 2 0 0 0 0/0 21:09 4:02 2:57
Keaton Middleton 0 0 0 -1 0 0 2 0 0 0 0/0 13:22 0:39 0:00
Mikhail Maltsev 0 1 1 0 0 4 1 0 0 0 4/6 11:16 0:09 0:00
Nicolas Aube-Kubel 1 1 2 -1 2 3 1 0 0 0 0/0 16:52 4:10 0:00
Patrik Nemeth 0 0 0 -1 0 1 3 5 0 1 0/0 25:39 4:01 2:49
Riley Tufte 0 0 0 -1 2 1 1 0 0 1 0/0 8:21 0:00 0:00
Samuel Fagemo 1 0 1 0 0 3 1 0 1 0 0/0 11:39 0:00 0:07
Sean Day 0 0 0 0 0 1 3 3 0 0 0/0 22:46 4:20 3:14
Semyon Der-Arguchintsev 0 0 0 -1 0 0 1 0 0 0 1/2 7:20 0:00 0:00
Steven Lorentz 0 0 0 0 0 1 3 1 0 1 0/2 20:58 4:02 3:03
Tobias Bjornfot 0 0 0 0 5 1 3 0 0 0 0/0 20:22 3:41 3:14
Tyler Benson 0 0 0 -1 0 2 0 0 0 0 0/0 7:20 0:00 0:00
Zachary Sanford 1 0 1 -1 0 4 3 0 2 0 1/3 20:00 4:19 3:03
Players Stats for Cape Breton Oilers
Player Name G A P +/- PIM S H SB GA TA FO MP PP MP PK MP
------------------------------------------------------------------------------------
Alexey Toropchenko 1 0 1 1 0 5 0 2 0 0 0/1 19:26 3:04 3:21
Brett Seney 0 1 1 0 0 0 3 0 0 0 7/15 18:14 3:04 2:05
Carl Grundstrom 1 0 1 0 0 1 1 0 0 1 0/1 15:55 2:59 0:27
Dylan McIlrath 0 0 0 1 7 2 0 2 0 0 0/0 20:31 3:03 3:01
Hudson Fasching 0 0 0 1 2 0 0 0 0 0 0/0 16:03 3:04 0:00
Jonah Gadjovich 0 1 1 0 0 3 0 0 0 1 0/2 12:28 0:00 0:00
Kevin Bahl 0 0 0 1 0 0 4 2 0 1 0/0 25:31 2:41 4:34
Leon Gawanke 0 2 2 1 0 1 0 1 0 0 0/0 22:35 3:03 4:00
Luke Evangelista 0 2 2 1 0 2 2 0 1 0 0/0 15:25 2:59 0:00
Matt Luff 0 0 0 1 0 1 0 0 0 0 0/0 7:18 0:00 0:00
Max Jones 0 0 0 0 0 3 1 0 0 0 1/2 12:28 0:00 0:00
Noel Acciari 1 1 2 1 4 3 2 1 1 1 16/22 18:12 2:59 2:59
Parker Kelly 1 0 1 0 2 2 0 0 0 0 6/12 15:58 0:00 2:45
Philip Broberg 0 1 1 1 0 0 1 1 1 0 0/0 25:31 2:41 4:34
Sam Carrick 1 0 1 1 0 4 2 0 0 0 2/5 10:54 0:00 3:14
Vladislav Kolyachonok 0 0 0 -1 2 0 1 1 0 0 0/0 13:50 0:19 0:34
Will Cuylle 0 0 0 1 0 1 1 0 0 0 0/0 7:18 0:00 0:00
William Trudeau 0 0 0 0 0 0 1 2 0 0 0/0 12:06 0:19 0:00
3 Stars
1 - Sam Carrick (CBO)
2 - Luke Evangelista (CBO)
3 - Alexey Toropchenko (CBO)
Power Play
Santa Cruz Tiger Sharks - 1 on 6 Attempt(s) - 16.67%
Cape Breton Oilers - 1 on 4 Attempt(s) - 25.00%
Penalty Kill
Santa Cruz Tiger Sharks - 3 on 4 Attempt(s) - 75.00%
- Score 0 goal in Penalty Kill
Cape Breton Oilers - 5 on 6 Attempt(s) - 83.33%
- Score 0 goal in Penalty Kill
Team Stat
Santa Cruz Tiger Sharks - Hits : 32 - Faceoff Wins : 28 - Blocked Shots : 11 - Penalty Minutes : 13
Cape Breton Oilers - Hits : 19 - Faceoff Wins : 32 - Blocked Shots : 12 - Penalty Minutes : 17
Official
Referees : Tom Chmielewski and Ghislain Hebert
Linesman : Kiel Murchison and Bryan Pancich
Game Notes
Dylan McIlrath beats up Tobias Bjornfot at 0:39 of 1st period
Santa Cruz Tiger Sharks
5 vs 5 Forward
Center Left Wing Right Wing Time % Phy DF OF
1 Cody Glass Steven Lorentz Kailer Yamamoto 30 1 2 2
2 Jesper Boqvist Zachary Sanford Nicolas Aube-Kubel 30 1 2 2
3 Mikhail Maltsev Brandon Biro Samuel Fagemo 25 1 2 2
4 Semyon Der-Arguchintsev Riley Tufte Tyler Benson 15 1 2 2
5 vs 5 Defense
Defense Defense Time % Phy DF OF
1 Patrik Nemeth Haydn Fleury 30 1 2 2
2 Tobias Bjornfot Sean Day 30 1 2 2
3 Keaton Middleton Adam Wilsby 25 1 2 2
4 Patrik Nemeth Haydn Fleury 15 1 2 2
PowerPlay Forward
Center Left Wing Right Wing Time % Phy DF OF
1 Cody Glass Steven Lorentz Kailer Yamamoto 50 1 2 2
2 Jesper Boqvist Zachary Sanford Nicolas Aube-Kubel 50 1 2 2
PowerPlay Defense
Defense Defense Time % Phy DF OF
1 Patrik Nemeth Haydn Fleury 50 1 2 2
2 Tobias Bjornfot Sean Day 50 1 2 2
Penalty Kill 4 Players Forward
Center Wing Time % Phy DF OF
1 Cody Glass Kailer Yamamoto 50 1 2 2
2 Steven Lorentz Zachary Sanford 50 1 2 2
Penalty Kill 4 Players Defense
Defense Defense Time % Phy DF OF
1 Patrik Nemeth Haydn Fleury 50 1 2 2
2 Tobias Bjornfot Sean Day 50 1 2 2
Penalty Kill - 3 Players Forward
Forward Time % Phy DF OF
1 Cody Glass 50 1 2 2
2 Kailer Yamamoto 50 1 2 2
Penalty Kill - 3 Players Defense
Defense Defense Time % Phy DF OF
1 Patrik Nemeth Haydn Fleury 50 1 2 2
2 Tobias Bjornfot Sean Day 50 1 2 2
4 vs 4 Forward
Center Wing Time % Phy DF OF
1 Cody Glass Kailer Yamamoto 50 1 2 2
2 Steven Lorentz Zachary Sanford 50 1 2 2
4 vs 4 Defense
Defense Defense Time % Phy DF OF
1 Patrik Nemeth Haydn Fleury 50 1 2 2
2 Tobias Bjornfot Sean Day 50 1 2 2
Last Minutes Offensive
Center Left Wing Right Wing Defense Defense
Cody Glass Steven Lorentz Kailer Yamamoto Patrik Nemeth Haydn Fleury
Last Minutes Defensive
Center Left Wing Right Wing Defense Defense
Cody Glass Steven Lorentz Kailer Yamamoto Patrik Nemeth Haydn Fleury
Goaltenders
Starting : Collin Delia
Backup : Felix Sandstrom
Extra Forwards
Normal : Brandon Biro, Mikhail Maltsev, Samuel Fagemo - PP : Brandon Biro, Mikhail Maltsev - PK : Samuel Fagemo
Extra Defensemen
Normal : Keaton Middleton, Adam Wilsby, Tobias Bjornfot - PP : Keaton Middleton - PK : Adam Wilsby, Tobias Bjornfot
Penalty Shots
Cody Glass, Kailer Yamamoto, Steven Lorentz, Zachary Sanford, Jesper Boqvist
Cape Breton Oilers
5 vs 5 Forward
Center Left Wing Right Wing Time % Phy DF OF
1 Noel Acciari Carl Grundstrom Luke Evangelista 30 1 2 2
2 Brett Seney Alexey Toropchenko Hudson Fasching 30 1 2 2
3 Parker Kelly Max Jones Jonah Gadjovich 25 1 2 2
4 Sam Carrick Will Cuylle Matt Luff 15 1 2 2
5 vs 5 Defense
Defense Defense Time % Phy DF OF
1 Kevin Bahl Philip Broberg 30 1 2 2
2 Dylan McIlrath Leon Gawanke 30 1 2 2
3 Vladislav Kolyachonok William Trudeau 25 1 2 2
4 Kevin Bahl Philip Broberg 15 1 2 2
PowerPlay Forward
Center Left Wing Right Wing Time % Phy DF OF
1 Noel Acciari Carl Grundstrom Luke Evangelista 50 1 2 2
2 Brett Seney Alexey Toropchenko Hudson Fasching 50 1 2 2
PowerPlay Defense
Defense Defense Time % Phy DF OF
1 Kevin Bahl Philip Broberg 50 1 2 2
2 Dylan McIlrath Leon Gawanke 50 1 2 2
Penalty Kill 4 Players Forward
Center Wing Time % Phy DF OF
1 Noel Acciari Parker Kelly 50 1 2 2
2 Sam Carrick Alexey Toropchenko 50 1 2 2
Penalty Kill 4 Players Defense
Defense Defense Time % Phy DF OF
1 Kevin Bahl Philip Broberg 50 1 2 2
2 Dylan McIlrath Leon Gawanke 50 1 2 2
Penalty Kill - 3 Players Forward
Forward Time % Phy DF OF
1 Noel Acciari 50 1 2 2
2 Parker Kelly 50 1 2 2
Penalty Kill - 3 Players Defense
Defense Defense Time % Phy DF OF
1 Kevin Bahl Philip Broberg 50 1 2 2
2 Dylan McIlrath Leon Gawanke 50 1 2 2
4 vs 4 Forward
Center Wing Time % Phy DF OF
1 Noel Acciari Luke Evangelista 50 1 2 2
2 Brett Seney Carl Grundstrom 50 1 2 2
4 vs 4 Defense
Defense Defense Time % Phy DF OF
1 Kevin Bahl Philip Broberg 50 1 2 2
2 Dylan McIlrath Leon Gawanke 50 1 2 2
Last Minutes Offensive
Center Left Wing Right Wing Defense Defense
Noel Acciari Carl Grundstrom Luke Evangelista Kevin Bahl Philip Broberg
Last Minutes Defensive
Center Left Wing Right Wing Defense Defense
Noel Acciari Parker Kelly Alexey Toropchenko Kevin Bahl Philip Broberg
Goaltenders
Starting : Jack Campbell
Backup : Matt Villalta
Extra Forwards
Normal : Luke Evangelista, Noel Acciari, Alexey Toropchenko - PP : Luke Evangelista, Carl Grundstrom - PK : Parker Kelly
Extra Defensemen
Normal : Philip Broberg, Kevin Bahl, Dylan McIlrath - PP : Leon Gawanke - PK : Philip Broberg, Kevin Bahl
Penalty Shots
Luke Evangelista, Noel Acciari, Alexey Toropchenko, Brett Seney, Carl Grundstrom
% Time on Ice - Santa Cruz Tiger Sharks
Lines # - Real PCT - Wanted PCT - Time Play
Normal Forward
1 - 32% - 30% - 14:22
2 - 29% - 30% - 13:24
3 - 23% - 25% - 10:30
4 - 16% - 15% - 7:20
Normal Defense
1 - 30% - 30% - 13:51
2 - 33% - 30% - 15:12
3 - 25% - 25% - 11:35
4 - 11% - 15% - 4:58
PP Forward
1 - 48% - 50% - 4:02
2 - 52% - 50% - 4:19
PP Defense
1 - 48% - 50% - 4:01
2 - 52% - 50% - 4:20
PK Forward
1 - 50% - 50% - 3:00
2 - 50% - 50% - 3:03
PK Defense
1 - 47% - 50% - 2:49
2 - 53% - 50% - 3:14
PK3 Forward
1 - 0% - 50%
2 - 0% - 50%
PK3 Defense
1 - 0% - 50%
2 - 0% - 50%
44 Forward
1 - 0% - 50%
2 - 0% - 50%
44 Defense
1 - 0% - 50%
2 - 0% - 50%
Last Minute Offensive - 0:00
Last Minute Defensive - 0:00
Total
Forward - 60:00
Defense - 60:00
|
% Time on Ice - Cape Breton Oilers
Lines # - Real PCT - Wanted PCT - Time Play
Normal Forward
1 - 27% - 30% - 12:29
2 - 29% - 30% - 13:21
3 - 27% - 25% - 12:28
4 - 16% - 15% - 7:18
Normal Defense
1 - 28% - 30% - 12:43
2 - 35% - 30% - 15:59
3 - 25% - 25% - 11:21
4 - 12% - 15% - 5:33
PP Forward
1 - 49% - 50% - 2:59
2 - 51% - 50% - 3:04
PP Defense
1 - 44% - 50% - 2:41
2 - 56% - 50% - 3:22
PK Forward
1 - 45% - 50% - 2:57
2 - 55% - 50% - 3:34
PK Defense
1 - 51% - 50% - 3:21
2 - 49% - 50% - 3:10
PK3 Forward
1 - 100% - 50% - 1:50
2 - 0% - 50% - 0:00
PK3 Defense
1 - 30% - 50% - 0:33
2 - 70% - 50% - 1:17
44 Forward
1 - 0% - 50%
2 - 0% - 50%
44 Defense
1 - 0% - 50%
2 - 0% - 50%
Last Minute Offensive - 0:00
Last Minute Defensive - 0:00
Total
Forward - 60:00
Defense - 60:00
|
Play-by-Play
1st period
0:01 of 1st period - Noel Acciari wins face-off versus Cody Glass in neutral zone.
0:26 of 1st period - Nicolas Aube-Kubel is hit by Kevin Bahl and loses puck.
0:36 of 1st period - Off-side.
0:37 of 1st period - Parker Kelly wins face-off versus Mikhail Maltsev in neutral zone.
0:39 of 1st period - Dylan McIlrath beats up Tobias Bjornfot.
0:39 of 1st period - Penalty to Dylan McIlrath for Fighting.
0:39 of 1st period - Penalty to Tobias Bjornfot for Fighting.
0:40 of 1st period - Mikhail Maltsev wins face-off versus Parker Kelly in Santa Cruz Tiger Sharks zone.
0:52 of 1st period - Off-side.
0:53 of 1st period - Semyon Der-Arguchintsev wins face-off versus Sam Carrick in neutral zone.
1:20 of 1st period - Kevin Bahl is hit by Keaton Middleton.
1:54 of 1st period - Leon Gawanke is hit by Zachary Sanford and loses puck.
2:58 of 1st period - Adam Wilsby is hit by Kevin Bahl and loses puck.
3:21 of 1st period - Snap shot by Noel Acciari.
3:21 of 1st period - Deflect By Patrik Nemeth.
3:21 of 1st period - Shot Blocked by Patrik Nemeth.
3:21 of 1st period - Puck is out of play.
3:22 of 1st period - Mikhail Maltsev wins face-off versus Noel Acciari in Santa Cruz Tiger Sharks zone.
3:29 of 1st period - Luke Evangelista is hit by Haydn Fleury and loses puck.
3:36 of 1st period - Snap shot by Brandon Biro.
3:36 of 1st period - Shot Misses the Net.
3:38 of 1st period - Wrist shot by Mikhail Maltsev.
3:38 of 1st period - Shot Blocked by William Trudeau.
4:02 of 1st period - Luke Evangelista is hit by Keaton Middleton and loses puck.
4:07 of 1st period - Snap shot by Brandon Biro.
4:07 of 1st period - Shot Blocked by Noel Acciari.
4:09 of 1st period - Slapshot by Haydn Fleury.
4:09 of 1st period - Stopped by Jack Campbell with a rebound.
4:11 of 1st period - Slapshot by Haydn Fleury.
4:11 of 1st period - Stopped by Jack Campbell with a rebound.
4:13 of 1st period - Wrist shot by Haydn Fleury.
4:13 of 1st period - Shot Blocked by Vladislav Kolyachonok.
4:15 of 1st period - Slapshot by Patrik Nemeth.
4:15 of 1st period - Stopped by Jack Campbell with a rebound.
4:17 of 1st period - Snap shot by Haydn Fleury.
4:17 of 1st period - Stopped by Jack Campbell without a rebound.
4:18 of 1st period - Cody Glass wins face-off versus Jonah Gadjovich in Cape Breton Oilers zone.
4:21 of 1st period - Wrist shot by Cody Glass.
4:21 of 1st period - Stopped by Jack Campbell without a rebound.
4:22 of 1st period - Cody Glass wins face-off versus Parker Kelly in Cape Breton Oilers zone.
4:30 of 1st period - Minor Penalty to Parker Kelly for Holding.
4:31 of 1st period - Noel Acciari wins face-off versus Cody Glass in Cape Breton Oilers zone.
4:48 of 1st period - Alexey Toropchenko is hit by Cody Glass and loses puck.
5:24 of 1st period - Alexey Toropchenko is hit by Sean Day and loses puck.
5:39 of 1st period - Penalty to Dylan McIlrath is over, Dylan McIlrath is back on ice.
6:30 of 1st period - Penalty to Parker Kelly is over, Parker Kelly is back on ice.
6:45 of 1st period - Slapshot by Parker Kelly.
6:45 of 1st period - Shot Misses the Net.
7:09 of 1st period - Noel Acciari is hit by Riley Tufte and loses puck.
8:10 of 1st period - Samuel Fagemo is hit by Carl Grundstrom.
9:11 of 1st period - Alexey Toropchenko is hit by Cody Glass and loses puck.
9:24 of 1st period - Slapshot by Sam Carrick.
9:24 of 1st period - Shot Misses the Net.
9:26 of 1st period - Wrist shot by Sam Carrick.
9:26 of 1st period - Stopped by Collin Delia with a rebound.
9:28 of 1st period - Snap shot by Will Cuylle.
9:28 of 1st period - Shot Blocked by Patrik Nemeth.
9:30 of 1st period - Slapshot by Dylan McIlrath.
9:30 of 1st period - Stopped by Collin Delia with a rebound.
11:46 of 1st period - Wrist shot by Matt Luff.
11:46 of 1st period - Stopped by Collin Delia with a rebound.
11:48 of 1st period - Snap shot by Will Cuylle.
11:48 of 1st period - Shot Misses the Net.
12:31 of 1st period - Minor Penalty to Vladislav Kolyachonok for Tripping.
12:32 of 1st period - Sam Carrick wins face-off versus Jesper Boqvist in Cape Breton Oilers zone.
12:40 of 1st period - Snap shot by Zachary Sanford.
12:40 of 1st period - Shot Blocked by Alexey Toropchenko.
12:42 of 1st period - Slapshot by Sean Day.
12:42 of 1st period - Deflect By Sam Carrick.
12:42 of 1st period - Stopped by Jack Campbell with a rebound.
12:44 of 1st period - Slapshot by Tobias Bjornfot.
12:44 of 1st period - Deflect By Nicolas Aube-Kubel.
12:44 of 1st period - Stopped by Jack Campbell without a rebound.
12:45 of 1st period - Cody Glass wins face-off versus Sam Carrick in Cape Breton Oilers zone.
13:25 of 1st period - Parker Kelly is hit by Nicolas Aube-Kubel and loses puck.
14:31 of 1st period - Penalty to Vladislav Kolyachonok is over, Vladislav Kolyachonok is back on ice.
14:43 of 1st period - Wrist shot by Mikhail Maltsev.
14:43 of 1st period - Stopped by Jack Campbell with a rebound.
14:45 of 1st period - Wrist shot by Brandon Biro.
14:45 of 1st period - Shot Blocked by Dylan McIlrath.
14:47 of 1st period - Slapshot by Samuel Fagemo.
14:47 of 1st period - Goal by Samuel Fagemo - Santa Cruz Tiger Sharks : 1 - Cape Breton Oilers : 0.
14:48 of 1st period - Jesper Boqvist wins face-off versus Brett Seney in neutral zone.
14:52 of 1st period - Off-side.
14:53 of 1st period - Jesper Boqvist wins face-off versus Brett Seney in neutral zone.
14:56 of 1st period - Snap shot by Zachary Sanford.
14:56 of 1st period - Shot Misses the Net.
14:59 of 1st period - Icing by Hudson Fasching.
15:00 of 1st period - Brett Seney wins face-off versus Cody Glass in Cape Breton Oilers zone.
15:00 of 1st period - Brett Seney is hit by Steven Lorentz.
15:12 of 1st period - Slapshot by Alexey Toropchenko.
15:12 of 1st period - Shot Hit the Post.
15:14 of 1st period - Slapshot by Kevin Bahl.
15:14 of 1st period - Deflect By Hudson Fasching.
15:14 of 1st period - Shot Blocked by Haydn Fleury.
15:14 of 1st period - Puck is out of play.
15:15 of 1st period - Parker Kelly wins face-off versus Jesper Boqvist in Santa Cruz Tiger Sharks zone.
15:18 of 1st period - Snap shot by Max Jones.
15:18 of 1st period - Stopped by Collin Delia without a rebound.
15:19 of 1st period - Max Jones wins face-off versus Jesper Boqvist in Santa Cruz Tiger Sharks zone.
15:22 of 1st period - Snap shot by Max Jones.
15:22 of 1st period - Shot Misses the Net.
15:24 of 1st period - Minor Penalty to Nicolas Aube-Kubel for Roughing.
15:25 of 1st period - Noel Acciari wins face-off versus Cody Glass in Santa Cruz Tiger Sharks zone.
15:50 of 1st period - Kailer Yamamoto is hit by Brett Seney and loses puck.
17:24 of 1st period - Penalty to Nicolas Aube-Kubel is over, Nicolas Aube-Kubel is back on ice.
18:06 of 1st period - Snap shot by Samuel Fagemo.
18:06 of 1st period - Stopped by Jack Campbell without a rebound.
18:07 of 1st period - Parker Kelly wins face-off versus Jesper Boqvist in Cape Breton Oilers zone.
18:07 of 1st period - Parker Kelly is hit by Patrik Nemeth.
18:10 of 1st period - Icing by Max Jones.
18:11 of 1st period - Parker Kelly wins face-off versus Jesper Boqvist in Cape Breton Oilers zone.
18:11 of 1st period - Parker Kelly is hit by Zachary Sanford.
18:19 of 1st period - Snap shot by Max Jones.
18:19 of 1st period - Deflect By Parker Kelly.
18:19 of 1st period - Stopped by Collin Delia with a rebound.
19:25 of 1st period - Slapshot by Luke Evangelista.
19:25 of 1st period - Shot Misses the Net.
19:27 of 1st period - Backhand shot by Luke Evangelista.
19:27 of 1st period - Shot Blocked by Sean Day.
19:29 of 1st period - Snap shot by Leon Gawanke.
19:29 of 1st period - Deflect By Luke Evangelista.
19:29 of 1st period - Shot Blocked by Sean Day.
19:29 of 1st period - Puck is out of play.
19:30 of 1st period - Cody Glass wins face-off versus Brett Seney in Santa Cruz Tiger Sharks zone.
19:35 of 1st period - Hudson Fasching is hit by Kailer Yamamoto and loses puck.
19:44 of 1st period - Snap shot by Cody Glass.
19:44 of 1st period - Shot Blocked by Alexey Toropchenko.
19:46 of 1st period - Slapshot by Steven Lorentz.
19:46 of 1st period - Stopped by Jack Campbell with a rebound.
Goals for this period are 1 for Santa Cruz Tiger Sharks vs 0 for Cape Breton Oilers.
Shots for this period are 11 for Santa Cruz Tiger Sharks vs 5 for Cape Breton Oilers.
2nd period
0:01 of 2nd period - Cody Glass wins face-off versus Brett Seney in neutral zone.
0:51 of 2nd period - Wrist shot by Sam Carrick.
0:51 of 2nd period - Goal by Sam Carrick - Santa Cruz Tiger Sharks : 1 - Cape Breton Oilers : 1.
0:52 of 2nd period - Brett Seney wins face-off versus Cody Glass in neutral zone.
0:59 of 2nd period - Snap shot by Alexey Toropchenko.
0:59 of 2nd period - Shot Misses the Net.
1:01 of 2nd period - Snap shot by Hudson Fasching.
1:01 of 2nd period - Shot Misses the Net.
1:03 of 2nd period - Wrist shot by Alexey Toropchenko.
1:03 of 2nd period - Shot Blocked by Patrik Nemeth.
1:05 of 2nd period - Slapshot by Alexey Toropchenko.
1:05 of 2nd period - Shot Misses the Net.
1:07 of 2nd period - Wrist shot by Alexey Toropchenko.
1:07 of 2nd period - Shot Blocked by Steven Lorentz.
1:13 of 2nd period - Minor Penalty to Haydn Fleury for Roughing.
1:14 of 2nd period - Noel Acciari wins face-off versus Steven Lorentz in Santa Cruz Tiger Sharks zone.
1:17 of 2nd period - Snap shot by Luke Evangelista.
1:17 of 2nd period - Shot Misses the Net.
1:19 of 2nd period - Wrist shot by Carl Grundstrom.
1:19 of 2nd period - Goal by Carl Grundstrom - Santa Cruz Tiger Sharks : 1 - Cape Breton Oilers : 2.
1:20 of 2nd period - Zachary Sanford wins face-off versus Brett Seney in neutral zone.
1:20 of 2nd period - Nicolas Aube-Kubel is hit by Kevin Bahl and loses puck.
1:39 of 2nd period - Minor Penalty to Hudson Fasching for Interference.
1:40 of 2nd period - Jesper Boqvist wins face-off versus Noel Acciari in Cape Breton Oilers zone.
3:39 of 2nd period - Penalty to Hudson Fasching is over, Hudson Fasching is back on ice.
3:42 of 2nd period - Snap shot by Alexey Toropchenko.
3:42 of 2nd period - Stopped by Collin Delia with a rebound.
3:52 of 2nd period - Dylan McIlrath is hit by Tobias Bjornfot and loses puck.
4:07 of 2nd period - Snap shot by Brandon Biro.
4:07 of 2nd period - Stopped by Jack Campbell without a rebound.
4:08 of 2nd period - Mikhail Maltsev wins face-off versus Max Jones in Cape Breton Oilers zone.
4:13 of 2nd period - Snap shot by Mikhail Maltsev.
4:13 of 2nd period - Stopped by Jack Campbell with a rebound.
5:17 of 2nd period - Snap shot by Max Jones.
5:17 of 2nd period - Stopped by Collin Delia with a rebound.
5:19 of 2nd period - Slapshot by Kevin Bahl.
5:19 of 2nd period - Deflect By Jonah Gadjovich.
5:19 of 2nd period - Deflect By Brandon Biro.
5:19 of 2nd period - Shot Misses the Net.
5:19 of 2nd period - Puck is out of play.
5:20 of 2nd period - Noel Acciari wins face-off versus Jesper Boqvist in Santa Cruz Tiger Sharks zone.
5:23 of 2nd period - Slapshot by Carl Grundstrom.
5:23 of 2nd period - Shot Misses the Net.
6:09 of 2nd period - Snap shot by Tyler Benson.
6:09 of 2nd period - Stopped by Jack Campbell with a rebound.
6:11 of 2nd period - Slapshot by Haydn Fleury.
6:11 of 2nd period - Deflect By Riley Tufte.
6:11 of 2nd period - Shot Misses the Net.
6:11 of 2nd period - Puck is out of play.
6:12 of 2nd period - Brett Seney wins face-off versus Semyon Der-Arguchintsev in Cape Breton Oilers zone.
6:12 of 2nd period - Brett Seney is hit by Semyon Der-Arguchintsev.
6:38 of 2nd period - Snap shot by Tyler Benson.
6:38 of 2nd period - Stopped by Jack Campbell with a rebound.
6:48 of 2nd period - Wrist shot by Riley Tufte.
6:48 of 2nd period - Stopped by Jack Campbell without a rebound.
6:49 of 2nd period - Noel Acciari wins face-off versus Jesper Boqvist in Cape Breton Oilers zone.
6:49 of 2nd period - Noel Acciari is hit by Haydn Fleury.
7:11 of 2nd period - Minor Penalty to Dylan McIlrath for Holding.
7:12 of 2nd period - Noel Acciari wins face-off versus Cody Glass in Cape Breton Oilers zone.
7:20 of 2nd period - Minor Penalty to Noel Acciari for Holding.
7:21 of 2nd period - Jesper Boqvist wins face-off versus Parker Kelly in Cape Breton Oilers zone.
7:25 of 2nd period - Snap shot by Jesper Boqvist.
7:25 of 2nd period - Shot Misses the Net.
7:27 of 2nd period - Wrist shot by Zachary Sanford.
7:27 of 2nd period - Deflect By Jesper Boqvist.
7:27 of 2nd period - Shot Misses the Net.
7:27 of 2nd period - Puck is out of play.
7:28 of 2nd period - Parker Kelly wins face-off versus Jesper Boqvist in Cape Breton Oilers zone.
7:28 of 2nd period - Parker Kelly is hit by Zachary Sanford.
9:11 of 2nd period - Penalty to Dylan McIlrath is over, Dylan McIlrath is back on ice.
9:20 of 2nd period - Penalty to Noel Acciari is over, Noel Acciari is back on ice.
9:26 of 2nd period - Vladislav Kolyachonok is hit by Brandon Biro and loses puck.
9:31 of 2nd period - Snap shot by Brandon Biro.
9:31 of 2nd period - Shot Misses the Net.
9:33 of 2nd period - Slapshot by Keaton Middleton.
9:33 of 2nd period - Deflect By Mikhail Maltsev.
9:33 of 2nd period - Stopped by Jack Campbell without a rebound.
9:34 of 2nd period - Noel Acciari wins face-off versus Mikhail Maltsev in Cape Breton Oilers zone.
9:34 of 2nd period - Noel Acciari is hit by Samuel Fagemo.
9:50 of 2nd period - Slapshot by Mikhail Maltsev.
9:50 of 2nd period - Stopped by Jack Campbell with a rebound.
10:04 of 2nd period - Snap shot by Jonah Gadjovich.
10:04 of 2nd period - Stopped by Collin Delia with a rebound.
10:06 of 2nd period - Snap shot by Parker Kelly.
10:06 of 2nd period - Goal by Parker Kelly - Santa Cruz Tiger Sharks : 1 - Cape Breton Oilers : 3.
10:07 of 2nd period - Cody Glass wins face-off versus Brett Seney in neutral zone.
10:17 of 2nd period - Off-side.
10:18 of 2nd period - Brett Seney wins face-off versus Jesper Boqvist in neutral zone.
10:23 of 2nd period - Snap shot by Alexey Toropchenko.
10:23 of 2nd period - Stopped by Collin Delia with a rebound.
10:51 of 2nd period - Wrist shot by Cody Glass.
10:51 of 2nd period - Stopped by Jack Campbell without a rebound.
10:52 of 2nd period - Noel Acciari wins face-off versus Cody Glass in Cape Breton Oilers zone.
11:00 of 2nd period - Off-side.
11:01 of 2nd period - Brett Seney wins face-off versus Jesper Boqvist in neutral zone.
11:14 of 2nd period - Snap shot by Jesper Boqvist.
11:14 of 2nd period - Stopped by Jack Campbell with a rebound.
11:16 of 2nd period - Snap shot by Zachary Sanford.
11:16 of 2nd period - Stopped by Jack Campbell with a rebound.
11:33 of 2nd period - Snap shot by Cody Glass.
11:33 of 2nd period - Stopped by Jack Campbell without a rebound.
11:34 of 2nd period - Noel Acciari wins face-off versus Jesper Boqvist in Cape Breton Oilers zone.
11:49 of 2nd period - Snap shot by Noel Acciari.
11:49 of 2nd period - Stopped by Collin Delia with a rebound.
12:07 of 2nd period - Wrist shot by Kailer Yamamoto.
12:07 of 2nd period - Shot Misses the Net.
12:21 of 2nd period - Slapshot by Sam Carrick.
12:21 of 2nd period - Stopped by Collin Delia with a rebound.
12:23 of 2nd period - Snap shot by Sam Carrick.
12:23 of 2nd period - Stopped by Collin Delia with a rebound.
12:39 of 2nd period - Minor Penalty to Brandon Biro for Holding.
12:40 of 2nd period - Brett Seney wins face-off versus Steven Lorentz in Santa Cruz Tiger Sharks zone.
12:47 of 2nd period - Snap shot by Hudson Fasching.
12:47 of 2nd period - Shot Misses the Net.
13:05 of 2nd period - Noel Acciari is hit by Kailer Yamamoto and loses puck.
14:39 of 2nd period - Penalty to Brandon Biro is over, Brandon Biro is back on ice.
15:43 of 2nd period - Carl Grundstrom is hit by Sean Day and loses puck.
15:54 of 2nd period - Jesper Boqvist is hit by Will Cuylle and loses puck.
16:07 of 2nd period - Vladislav Kolyachonok is hit by Mikhail Maltsev and loses puck.
16:20 of 2nd period - Hudson Fasching is hit by Steven Lorentz and loses puck.
16:35 of 2nd period - Haydn Fleury is hit by Sam Carrick and loses puck.
16:53 of 2nd period - Samuel Fagemo is hit by Philip Broberg and loses puck.
17:01 of 2nd period - Icing by Patrik Nemeth.
17:02 of 2nd period - Jesper Boqvist wins face-off versus Noel Acciari in Santa Cruz Tiger Sharks zone.
17:11 of 2nd period - Noel Acciari is hit by Patrik Nemeth and loses puck.
17:48 of 2nd period - Snap shot by Brandon Biro.
17:48 of 2nd period - Stopped by Jack Campbell with a rebound.
17:50 of 2nd period - Wrist shot by Samuel Fagemo.
17:50 of 2nd period - Stopped by Jack Campbell without a rebound.
17:51 of 2nd period - Jesper Boqvist wins face-off versus Noel Acciari in Cape Breton Oilers zone.
17:57 of 2nd period - Icing by Philip Broberg.
17:58 of 2nd period - Noel Acciari wins face-off versus Jesper Boqvist in Cape Breton Oilers zone.
18:31 of 2nd period - Slapshot by Hudson Fasching.
18:31 of 2nd period - Deflect By Alexey Toropchenko.
18:31 of 2nd period - Shot Blocked by Patrik Nemeth.
18:31 of 2nd period - Puck is out of play.
18:32 of 2nd period - Parker Kelly wins face-off versus Zachary Sanford in Santa Cruz Tiger Sharks zone.
19:29 of 2nd period - Keaton Middleton is hit by Noel Acciari and loses puck.
Goals for this period are 0 for Santa Cruz Tiger Sharks vs 3 for Cape Breton Oilers.
Shots for this period are 13 for Santa Cruz Tiger Sharks vs 10 for Cape Breton Oilers.
3rd period
0:01 of 3rd period - Cody Glass wins face-off versus Alexey Toropchenko in neutral zone.
0:06 of 3rd period - Slapshot by Kailer Yamamoto.
0:06 of 3rd period - Shot Misses the Net.
0:35 of 3rd period - Snap shot by Jonah Gadjovich.
0:35 of 3rd period - Stopped by Collin Delia without a rebound.
0:36 of 3rd period - Noel Acciari wins face-off versus Zachary Sanford in Santa Cruz Tiger Sharks zone.
1:07 of 3rd period - Tyler Benson is hit by Brett Seney and loses puck.
1:26 of 3rd period - Slapshot by Jonah Gadjovich.
1:26 of 3rd period - Stopped by Collin Delia with a rebound.
1:34 of 3rd period - Wrist shot by Brandon Biro.
1:34 of 3rd period - Shot Misses the Net.
2:25 of 3rd period - Nicolas Aube-Kubel is hit by Noel Acciari and loses puck.
2:45 of 3rd period - Snap shot by Samuel Fagemo.
2:45 of 3rd period - Shot Blocked by Philip Broberg.
3:00 of 3rd period - Off-side.
3:01 of 3rd period - Sam Carrick wins face-off versus Cody Glass in neutral zone.
3:16 of 3rd period - Wrist shot by Sam Carrick.
3:16 of 3rd period - Deflect By Matt Luff.
3:16 of 3rd period - Shot Misses the Net.
3:16 of 3rd period - Puck is out of play.
3:17 of 3rd period - Brett Seney wins face-off versus Jesper Boqvist in Santa Cruz Tiger Sharks zone.
3:17 of 3rd period - Brett Seney is hit by Sean Day.
3:21 of 3rd period - Snap shot by Alexey Toropchenko.
3:21 of 3rd period - Stopped by Collin Delia without a rebound.
3:22 of 3rd period - Jesper Boqvist wins face-off versus Brett Seney in Santa Cruz Tiger Sharks zone.
4:01 of 3rd period - Brandon Biro is hit by William Trudeau and loses puck.
4:23 of 3rd period - Off-side.
4:24 of 3rd period - Jesper Boqvist wins face-off versus Parker Kelly in neutral zone.
4:27 of 3rd period - Snap shot by Nicolas Aube-Kubel.
4:27 of 3rd period - Stopped by Jack Campbell with a rebound.
4:29 of 3rd period - Snap shot by Nicolas Aube-Kubel.
4:29 of 3rd period - Goal by Nicolas Aube-Kubel - Santa Cruz Tiger Sharks : 2 - Cape Breton Oilers : 3.
4:30 of 3rd period - Noel Acciari wins face-off versus Cody Glass in neutral zone.
4:33 of 3rd period - Patrik Nemeth is hit by Kevin Bahl and loses puck.
4:41 of 3rd period - Off-side.
4:42 of 3rd period - Jesper Boqvist wins face-off versus Jonah Gadjovich in neutral zone.
5:09 of 3rd period - Kevin Bahl is hit by Haydn Fleury and loses puck.
5:38 of 3rd period - Slapshot by Will Cuylle.
5:38 of 3rd period - Stopped by Collin Delia with a rebound.
5:52 of 3rd period - Wrist shot by Mikhail Maltsev.
5:52 of 3rd period - Shot Misses the Net.
6:10 of 3rd period - Snap shot by Zachary Sanford.
6:10 of 3rd period - Shot Blocked by William Trudeau.
6:12 of 3rd period - Snap shot by Jesper Boqvist.
6:12 of 3rd period - Stopped by Jack Campbell with a rebound.
6:14 of 3rd period - Wrist shot by Tobias Bjornfot.
6:14 of 3rd period - Stopped by Jack Campbell with a rebound.
6:18 of 3rd period - Snap shot by Zachary Sanford.
6:18 of 3rd period - Stopped by Jack Campbell without a rebound.
6:19 of 3rd period - Mikhail Maltsev wins face-off versus Noel Acciari in Cape Breton Oilers zone.
6:22 of 3rd period - Snap shot by Brandon Biro.
6:22 of 3rd period - Stopped by Jack Campbell with a rebound.
6:35 of 3rd period - Luke Evangelista is hit by Patrik Nemeth and loses puck.
6:52 of 3rd period - Snap shot by Alexey Toropchenko.
6:52 of 3rd period - Stopped by Collin Delia with a rebound.
7:12 of 3rd period - Off-side.
7:13 of 3rd period - Cody Glass wins face-off versus Parker Kelly in neutral zone.
8:23 of 3rd period - Snap shot by Max Jones.
8:23 of 3rd period - Stopped by Collin Delia without a rebound.
8:24 of 3rd period - Noel Acciari wins face-off versus Jesper Boqvist in Santa Cruz Tiger Sharks zone.
8:25 of 3rd period - Snap shot by Luke Evangelista.
8:25 of 3rd period - Shot Misses the Net.
8:33 of 3rd period - Wrist shot by Zachary Sanford.
8:33 of 3rd period - Stopped by Jack Campbell with a rebound.
8:35 of 3rd period - Minor Penalty to Noel Acciari for Hooking.
8:36 of 3rd period - Jesper Boqvist wins face-off versus Sam Carrick in Cape Breton Oilers zone.
8:43 of 3rd period - Slapshot by Jesper Boqvist.
8:43 of 3rd period - Shot Blocked by Kevin Bahl.
8:49 of 3rd period - Wrist shot by Jesper Boqvist.
8:49 of 3rd period - Stopped by Jack Campbell with a rebound.
8:51 of 3rd period - Slapshot by Zachary Sanford.
8:51 of 3rd period - Goal by Zachary Sanford - Santa Cruz Tiger Sharks : 3 - Cape Breton Oilers : 3.
8:52 of 3rd period - Noel Acciari wins face-off versus Jesper Boqvist in neutral zone.
8:55 of 3rd period - Wrist shot by Luke Evangelista.
8:55 of 3rd period - Stopped by Collin Delia with a rebound.
8:57 of 3rd period - Snap shot by Noel Acciari.
8:57 of 3rd period - Goal by Noel Acciari - Santa Cruz Tiger Sharks : 3 - Cape Breton Oilers : 4.
8:58 of 3rd period - Jesper Boqvist wins face-off versus Brett Seney in neutral zone.
9:03 of 3rd period - Slapshot by Zachary Sanford.
9:03 of 3rd period - Shot Misses the Net.
9:11 of 3rd period - Slapshot by Alexey Toropchenko.
9:11 of 3rd period - Goal by Alexey Toropchenko - Santa Cruz Tiger Sharks : 3 - Cape Breton Oilers : 5.
9:12 of 3rd period - Jesper Boqvist wins face-off versus Noel Acciari in neutral zone.
10:21 of 3rd period - Will Cuylle is hit by Tobias Bjornfot and loses puck.
11:27 of 3rd period - Dylan McIlrath is hit by Steven Lorentz and loses puck.
11:48 of 3rd period - Slapshot by Leon Gawanke.
11:48 of 3rd period - Stopped by Collin Delia with a rebound.
11:50 of 3rd period - Slapshot by Matt Luff.
11:50 of 3rd period - Shot Misses the Net.
12:06 of 3rd period - Slapshot by Luke Evangelista.
12:06 of 3rd period - Shot Blocked by Patrik Nemeth.
12:35 of 3rd period - Max Jones is hit by Adam Wilsby and loses puck.
12:43 of 3rd period - Minor Penalty to Riley Tufte for Hooking.
12:44 of 3rd period - Cody Glass wins face-off versus Carl Grundstrom in Santa Cruz Tiger Sharks zone.
12:54 of 3rd period - Zachary Sanford is hit by Luke Evangelista and loses puck.
13:15 of 3rd period - Sean Day is hit by Brett Seney and loses puck.
13:28 of 3rd period - Cody Glass is hit by Luke Evangelista and loses puck.
14:43 of 3rd period - Penalty to Riley Tufte is over, Riley Tufte is back on ice.
15:15 of 3rd period - Riley Tufte is hit by Max Jones and loses puck.
15:22 of 3rd period - Leon Gawanke is hit by Tobias Bjornfot.
15:48 of 3rd period - William Trudeau is hit by Jesper Boqvist and loses puck.
16:13 of 3rd period - Sean Day is hit by Sam Carrick and loses puck.
17:06 of 3rd period - Snap shot by Will Cuylle.
17:06 of 3rd period - Shot Blocked by Cody Glass.
17:08 of 3rd period - Slapshot by Dylan McIlrath.
17:08 of 3rd period - Stopped by Collin Delia without a rebound.
17:09 of 3rd period - Noel Acciari wins face-off versus Jesper Boqvist in Santa Cruz Tiger Sharks zone.
17:10 of 3rd period - Slapshot by Luke Evangelista.
17:10 of 3rd period - Stopped by Collin Delia with a rebound.
17:12 of 3rd period - Wrist shot by Noel Acciari.
17:12 of 3rd period - Stopped by Collin Delia with a rebound.
17:14 of 3rd period - Wrist shot by Carl Grundstrom.
17:14 of 3rd period - Shot Misses the Net.
17:36 of 3rd period - Slapshot by Cody Glass.
17:36 of 3rd period - Shot Blocked by Kevin Bahl.
18:31 of 3rd period - Jesper Boqvist is hit by Vladislav Kolyachonok.
18:49 of 3rd period - Icing by Steven Lorentz.
18:50 of 3rd period - Cody Glass wins face-off versus Parker Kelly in Santa Cruz Tiger Sharks zone.
19:01 of 3rd period - Slapshot by Jonah Gadjovich.
19:01 of 3rd period - Shot Blocked by Sean Day.
19:35 of 3rd period - Slapshot by Jonah Gadjovich.
19:35 of 3rd period - Shot Misses the Net.
19:43 of 3rd period - Backhand shot by Cody Glass.
19:43 of 3rd period - Shot Blocked by Dylan McIlrath.
19:45 of 3rd period - Slapshot by Sean Day.
19:45 of 3rd period - Shot Blocked by Leon Gawanke.
Goals for this period are 2 for Santa Cruz Tiger Sharks vs 2 for Cape Breton Oilers.
Shots for this period are 9 for Santa Cruz Tiger Sharks vs 13 for Cape Breton Oilers.
Back to the Top